cohdb
Replays
Latest Replays
All Replays
Popular Replays
Top Player Replays
Match Explorer
How It Works
Community
CoH3 Stats
Reddit
Sign in to upload your games and track your stats! →
Sign in with Steam
Match 46173654
Unlisted
Match 46173654
Overview
Messages
Build Orders
End
Kradschützen Motorcycle Team
Panzerpioneer Squad
Panzergrenadier Squad
Panzergrenadier Squad
Construct Light Support Kompanie
MG34 Team
Fire Support Elements
Flakvierling Half-track
Panzerjäger Mechanized Group
Selects Panzerjäger Kommand Battlegroup
Selects Blockade Equipment
Selects Tank Busters
Vehicle Survival Package
Construct Panzerarmee Kommand
Emergency Repair Kits
2.5-tonne Medical Truck
Selects Defensive Positions
Walking Stuka Rocket Launcher
Armored Reserves
Selects Crew Shock Tactics
Rapid Advance
Selects Anti-tank Overwatch
Tiger Heavy Tank
Tungsten Core Ammunition
Advanced Optics
Panzerpioneer Squad
Flak 36 Anti-tank Gun Team
Advanced Field Repairs
Veteran Squad Leaders
Anti-tank Overwatch
Combat Half-tracks
tagilla
oziligath
0
0
Comments
sign in to comment!
No comments posted yet!